 Dungeon Crawl Stone Soup version 0.29-a0-275-g389c0b56f3 (webtiles) character file.

Game seed: 5164775346965514770

34 Hubjo the Sneak (level 3, -3/26 HPs)
             Began as a Demonspawn Wanderer on Mar 9, 2022.
             Was a Believer of Uskayaw.
             Slain by a gnoll
             ... wielding a +0 flail
              (8 damage)
             ... on level 2 of the Dungeon.
             The game lasted 00:01:56 (1883 turns).

Hubjo the Sneak (Demonspawn Wanderer)               Turns: 1883, Time: 00:01:57

Health: -3/26      AC:  5    Str: 15    XL:     3   Next: 14%
Magic:  5/5        EV: 11    Int: 10    God:    Uskayaw [**....]
Gold:   27         SH:  0    Dex: 14    Spells: 3/3 levels left

rFire   . . .      SeeInvis .   a - +2 dagger
rCold   . . .      Faith    .   (no shield)
rNeg    . . .      Spirit   .   f - +0 leather armour
rPois   .          Reflect  .   i - +1 helmet
rElec   .          Harm     .   (no cloak)
rCorr   .          Rampage  .   (no gloves)
Will    .....                   (no boots)
Stlth   ++........              (no amulet)
HPRegen 0.08/turn               (no ring)
MPRegen 0.09/turn               (no ring)

@: no status effects
A: foul stench 1
a: Renounce Religion, Stomp, Line Pass


You were on level 2 of the Dungeon.
You worshipped Uskayaw.
Uskayaw was noncommittal.
You visited 1 branch of the dungeon, and saw 2 of its levels.

You collected 27 gold pieces.

Inventory:

Hand Weapons
 a - a +2 dagger (weapon)
 c - a +0 mace
Armour
 f - a +0 leather armour (worn)
 i - a +1 helmet (worn)
Wands
 d - a wand of polymorph (5) (quivered)
Scrolls
 b - a scroll of fear
 e - a scroll of fog
 h - a scroll of teleportation {unknown}
 j - 2 scrolls of identify {unknown}
 l - a scroll of immolation {unknown}
Potions
 g - a potion of heal wounds {unknown}
 k - a potion of mutation {unknown}


   Skills:
 * Level 1.3 Fighting
 + Level 0.4 Short Blades
 - Level 1.7 Maces & Flails
 + Level 1.2 Dodging
 + Level 2.9 Stealth
 + Level 0.7 Spellcasting
 + Level 2.7 Invocations
 + Level 2.2 Evocations


You had 3 spell levels left.
You didn't know any spells.
Your spell library was empty.

Dungeon Overview and Level Annotations

Branches:
Dungeon (2/15)

Altars:
Uskayaw


Innate Abilities, Weirdness & Mutations

You may rarely emit foul miasma when damaged in melee.


Message History

The gnoll is moderately wounded.
You hit the gnoll but do no damage. The gnoll closely misses you.
You hit the gnoll.
The gnoll is moderately wounded.
The gnoll hits you with a +0 flail!
The gnoll hits you from afar with a +0 spear!
You are too injured to fight recklessly!
You are too injured to fight recklessly!
You are too injured to fight recklessly!
You are too injured to fight recklessly!
You are too injured to fight recklessly!
You are too injured to fight recklessly!
You are too injured to fight recklessly!
You are too injured to fight recklessly!
You are too injured to fight recklessly!
You are too injured to fight recklessly!
You are too injured to fight recklessly!
You are too injured to fight recklessly!
You are too injured to fight recklessly!
You are too injured to fight recklessly!
You are too injured to fight recklessly!
You are too injured to fight recklessly!
You are too injured to fight recklessly!
You are too injured to fight recklessly!
You hit the gnoll but do no damage.
The gnoll is moderately wounded.
The gnoll hits you with a +0 flail.
The gnoll hits you from afar with a +0 spear.
* * * LOW HITPOINT WARNING * * *
You hit the gnoll.
The gnoll is heavily wounded.
The gnoll misses you. The gnoll barely misses you.
You can now pass through a line of other dancers.
You hit the gnoll.
The gnoll is severely wounded.
The gnoll barely misses you. The gnoll hits you but does no damage.
You closely miss the gnoll.
The gnoll is severely wounded.
The gnoll hits you with a +0 flail!
You die...

###.########
....ggg@..$######.
.##.####..........
#.#..#.###.
#.#..#.###.
#.#........
#.#..#..#..
########.#..#..#.
#.................
#.......##..#.##.#


You could see 3 gnolls.

Vanquished Creatures
  An adder (D:2)
  A dart slug (D:1)
  2 bats
  An endoplasm (D:2)
  2 giant cockroaches (D:1)
  3 goblins (D:1)
  A quokka (D:1)
  3 ball pythons
  3 frilled lizards (D:1)
  4 kobolds
  3 rats
24 creatures vanquished.

Notes
Turn   | Place    | Note
-------+----------+-------------------------------------------
     0 | D:1      | Hubjo the Demonspawn Wanderer began the quest for the Orb.
     0 | D:1      | Hubjo set off with the following items: a +2 dagger, a
                  | scroll of fear, a +0 mace, a wand of polymorph (5), a
                  | scroll of fog, a +0 leather armour
     0 | D:1      | Reached XP level 1. HP: 13/13 MP: 2/2
   766 | D:1      | Gained mutation: You may rarely emit foul miasma when
                  | damaged in melee. [demonic ancestry]
   766 | D:1      | Reached XP level 2. HP: 20/20 MP: 3/3
  1015 | D:1      | Noticed a golden eye
  1019 | D:1      | Noticed a great orb of eyes
  1021 | D:1      | Found a faded altar of an unknown god.
  1023 | D:1      | Noticed a shining eye
  1026 | D:1      | Noticed a floating eye
  1057 | D:1      | Prayed at the altar of an unknown god.
  1057 | D:1      | Became a worshipper of Uskayaw the Reveller
  1057 | D:1      | Reached * piety under Uskayaw
  1132 | D:1      | Reached skill level 1 in Fighting
  1590 | D:2      | Reached ** piety under Uskayaw
  1655 | D:2      | Reached XP level 3. HP: 15/26 MP: 5/5
  1883 | D:2      | Slain by a gnoll

Illustrated notes

Levels and vault maps discovered:
D:1:      amcnicky_arrival_underground_garden, layout_basic,
          hellmonk_ecumenical_altar_watching_god, st_stairs_7
D:2:      layout_loops_cross, chequers_serial_rivers_micro_e

Skill      XL: |  1  2 |
---------------+-------+-----
Fighting       | 1 |  1.3
Short Blades   | |  0.4
Maces & Flails | |  1.7
Dodging        | |  1.2
Stealth        | |  2.9
Spellcasting   | |  0.7
Invocations    | |  2.7
Evocations     | |  2.2

Action                   || total
-------------------------++-------
Melee: Dagger            ||    81
 Stab: Sleeping          ||     8
Armor: Leather armour    ||    14
Dodge: Dodged            ||    47

Table legend: (Time is in decaauts)
 A = Elapsed time spent in this place.
 B = Non-inter-level travel time spent in this place.
 C = Inter-level travel time spent in this place.
 D = Time resting spent in this place.
 E = Time spent auto-exploring this place.
 F = Levels seen in this place.
 G = Mean time per level.
                   A        B        C        D        E       F      G
               +--------+--------+--------+--------+--------+-----+--------+
         Total |   1882 |   1882 |      0 |      0 |   1624 |   2 |  941.0 |
       Dungeon |   1882 |   1882 |      0 |      0 |   1624 |   2 |  941.0 |
               +--------+--------+--------+--------+--------+-----+--------+

Top non-repeatable levels by time:
     D:1: 1559 daAuts
     D:2: 322 daAuts
